 Dungeon Crawl Stone Soup version 0.30-a0-394-g3e4acdb0ae (webtiles) character file.

Game seed: 4820668686503767792

39 Hubris850 the Chiller (level 3, -10/19 HPs)
             Began as a Deep Elf Ice Elementalist on Dec 6, 2022.
             Mangled by Sigmund
             ... wielding a +0 scythe
              (11 damage)
             ... on level 2 of the Dungeon.
             The game lasted 00:02:43 (1300 turns).

Hubris850 the Chiller (Deep Elf Ice Elementalist)   Turns: 1300, Time: 00:02:44

Health: -10/19     AC:  3    Str:  7    XL:     3   Next: 28%
Magic:  10/10      EV: 13    Int: 19    God:
Gold:   40         SH:  0    Dex: 15    Spells: 8/9 levels left

rFire   . . .      SeeInvis .    m - +1 short sword (speed)
rCold   . . .      Faith    .    (no shield)
rNeg    . . .      Spirit   .    a - +0 robe
rPois   .          Reflect  .    (no helmet)
rElec   .          Harm     .    (no cloak)
rCorr   .          Rampage  .    k - +0 pair of gloves
Will    .....                    (no boots)
Stlth   ++........               (no amulet)
HPRegen 0.23/turn                (no ring)
MPRegen 0.12/turn                (no ring)

@: no status effects
A: no striking features
a: no special abilities


You were on level 2 of the Dungeon.
You visited 1 branch of the dungeon, and saw 2 of its levels.

You collected 40 gold pieces.

Inventory:

Hand Weapons
 c - a +0 dagger
 i - a +0 short sword
 m - a +1 short sword of speed (weapon)
Armour
 a - a +0 robe (worn)
 f - a +2 tower shield of reflection
 k - a +0 pair of gloves (worn)
Scrolls
 g - a scroll of brand weapon {unknown}
 h - a scroll of fear {unknown}
Potions
 b - 2 potions of magic
 d - 2 potions of heal wounds {unknown}
 e - a potion of invisibility {unknown}
 j - a potion of mutation {unknown}
 l - 2 potions of lignification {unknown}


   Skills:
 + Level 3.1 Dodging
 + Level 3.2 Stealth
 + Level 3.6 Spellcasting
 + Level 4.7 Ice Magic


You had 8 spell levels left.
You knew the following spells:

 Your Spells              Type           Power      Damage    Failure   Level
a - Freeze                Ice            84%        1d9       1%          1

Your spell library contained the following spells:

 Spells                   Type           Power      Damage    Failure   Level
 Frozen Ramparts          Ice            42%        1d7       6%          3
 Ozocubu's Armour         Ice            21%        N/A       6%          3
 Summon Ice Beast         Ice/Summ       12%        N/A       47%         4


Dungeon Overview and Level Annotations

Branches:
Dungeon (2/15)

Altars:

Annotations:
D:2 Sigmund


Message History

The jackal is almost dead.
The jackal closely misses you.
You hit the jackal.
You kill the jackal!
You hit the jackal.
The jackal is moderately wounded.
The jackal bites you.
You hit the jackal.
The jackal is almost dead.
The jackal closely misses you.
You hit the jackal.
You kill the jackal!
No target in view!
You see here 7 stones.
Found 7 stones.
No target in view!
No target in view!
You now have 40 gold pieces (gained 7).
A worm comes into view.
A worm is nearby!
Found 15 gold pieces.
Sigmund the Dreaded comes into view.
He is wielding a +0 scythe.
Sigmund gestures at you while chanting.
You are confused.
You bump into the rock wall.
Sigmund completely misses you. The worm bites you.
You bump into the rock wall.
Sigmund closely misses you. The worm bites you!
You're too confused to move!
Sigmund hits you from afar with a +0 scythe.
You feel less confused.
Sigmund casts a spell.
Sigmund flickers and vanishes!
Deactivating autopickup; reactivate with Ctrl-A.
Something hits you!
Ouch! That really hurt!
* * * LOW HITPOINT WARNING * * *
Something hits you!
Ouch! That really hurt!
You die...

#......# #####
#......########...#
#......#.....##...#
#......#(.........#
#.............#...####.
#.$....#......#........
#......#.w..w..........
#......#...##{########.
...........###@#
##......#..#...#
########....####
##......###
.....#####...## .
####.......#..###
....############......##
#....<.....#######...##
.....#######......###(..#


You could see a worm.

Vanquished Creatures
  An adder (D:2)
  2 dart slugs
  4 ball pythons (D:1)
  2 bats (D:1)
  An endoplasm (D:1)
  2 goblins (D:1)
  5 hobgoblins (D:1)
  2 jackals (D:2)
  A quokka (D:1)
  A frilled lizard (D:1)
  4 kobolds (D:1)
  A rat (D:1)
26 creatures vanquished.

Notes
Turn   | Place    | Note
-------+----------+-------------------------------------------
     0 | D:1      | Hubris850 the Deep Elf Ice Elementalist began the quest for
                  | the Orb.
     0 | D:1      | Reached XP level 1. HP: 10/10 MP: 6/6
   197 | D:1      | Reached XP level 2. HP: 15/15 MP: 5/8
  1189 | D:2      | Reached XP level 3. HP: 15/19 MP: 5/10
  1279 | D:2      | Noticed Sigmund
  1300 | D:2      | Mangled by Sigmund

Illustrated notes

Levels and vault maps discovered:
D:1:      psy_arrival_statuary, layout_basic, serial_bayou_pond_d, st_stairs_8
D:2:      layout_rooms, hellmonk_ecumenical_altar_leap_of_faith,
          hangedman_decor_growths, uniq_sigmund

Skill      XL: |  1  2 |
---------------+-------+-----
Stealth        | 3 |  3.2
Dodging        | 3 |  3.1
Spellcasting   | |  3.6
Ice Magic      | |  4.7

Action                   || total
-------------------------++-------
Melee: Short sword       ||    16
       Dagger            ||     2
 Cast: Freeze            ||    33
 Stab: Sleeping          ||     3
Armor: Robe              ||     4
Dodge: Dodged            ||    25

Table legend: (Time is in decaauts)
 A = Elapsed time spent in this place.
 B = Non-inter-level travel time spent in this place.
 C = Inter-level travel time spent in this place.
 D = Time resting spent in this place.
 E = Time spent auto-exploring this place.
 F = Levels seen in this place.
 G = Mean time per level.
                   A        B        C        D        E       F      G
               +--------+--------+--------+--------+--------+-----+--------+
         Total |   1292 |   1121 |    171 |     52 |    885 |   2 |  646.0 |
       Dungeon |   1292 |   1121 |    171 |     52 |    885 |   2 |  646.0 |
               +--------+--------+--------+--------+--------+-----+--------+

Top non-repeatable levels by time:
     D:1: 1156 daAuts
     D:2: 136 daAuts
